Map: Frost LE

Players

Ranger

  • Race: Terran Terran
  • League: Gold
  • Spawn Location: 7:00

Fropez - Winner!

  • Race: Protoss Protoss
  • League: Gold
  • Spawn Location: 11:00

VOD

Have the link to the VOD?

Description

Time

  • Played on: Oct. 4, 2016, 6:31 p.m.
  • Length: 10:58
Show
View Real Time Build Order
Export as new Build Order

Ranger Terran 

Build Orders: Command Center First (CC) 

Get SALT Encoding   

  12  0:01  SCV  
  13  0:13  SCV  
  14  0:18  Supply Depot  
  14  0:25  SCV  
  15  0:40  SCV  
  16  1:04  SCV, Command Center  
  17  1:35  SCV  
  17  1:39  Barracks  
  18  1:46  Barracks  
  18  1:51  SCV  
  19  2:05  SCV  
  19  2:08  Barracks  
  20  2:13  Refinery  
  20  2:18  Refinery  
  20  2:20  SCV  
  21  2:33  Orbital Command  
  21  2:40  SCV  
  22  2:48  Barracks Tech Lab  
  22  2:54  Orbital Command  
  22  3:02  Barracks Reactor  
  22  3:03  Marine  
  22  3:04  SCV  
  24  3:14  Engineering Bay  
  24  3:17  SCV  
  24  3:19  Bunker  
  24  3:38  Marine x2  
  24  3:39  Marine  
  24  3:40  Marine  
  28  3:46  SCV x2  
  30  3:55  Marine  
  30  3:56  Marine  
  32  4:13  Marine x2  
  34  4:23  SCV x2  
  36  4:33  Supply Depot  
  36  4:35  SCV  
  36  4:36  Supply Depot  
  36  4:38  Supply Depot x2  
  38  4:42  Marine  
  38  4:44  Barracks Reactor  
  38  4:45  Stimpack  
  38  4:54  SCV x2  
  40  5:06  SCV  
  41  5:09  Marine x2, Marauder  
  41  5:11  SCV  
  25  5:52  Marine x3  
  25  5:59  SCV x2  
  26  6:09  Marine  
  24  6:25  SCV  
  25  6:27  SCV  
  26  6:38  Command Center  
  26  6:39  SCV  
  27  6:44  Marine x2  
  27  6:45  Marine x2  
  31  6:51  SCV  
  32  6:55  Marauder  
  32  6:58  SCV  
  34  7:30  Marine x3, SCV x2  
  38  7:43  Marine x2  
  38  7:48  Marine x2  
  38  7:50  SCV x2  
  42  7:51  Marine  
  42  7:57  Orbital Command  
  43  8:01  Marine x2  
  45  8:09  Barracks  
  45  8:11  Barracks  
  21  8:45  SCV x2  
  21  8:46  SCV  
  24  8:57  SCV  
  24  8:58  SCV  
  24  9:02  Marine x3  
  28  9:03  Marine  
  28  9:08  SCV  
  28  9:09  Marine  
  32  9:19  Marine  
  21  9:40  Marine  
  21  9:41  Marine x3  
  25  9:49  SCV  
  25  9:50  SCV x2  
  28  10:02  Barracks Reactor, SCV x2  
  30  10:14  SCV  
  29  10:37  Marine x2, SCV x2  
Show
View Real Time Build Order
Export as new Build Order

Fropez Protoss - Winner!

Build Orders:  

Get SALT Encoding   

  12  0:01  Probe (Chrono Boost)  
  13  0:15  Pylon  
  13  0:20  Probe (Chrono Boost)  
  14  0:31  Probe (Chrono Boost)  
  15  0:37  Gateway  
  15  0:41  Probe (Chrono Boost)  
  16  0:53  Probe (Chrono Boost)  
  17  1:03  Probe (Chrono Boost)  
  18  1:06  Pylon  
  18  1:14  Probe (Chrono Boost)  
  18  1:16  Assimilator  
  19  1:20  Assimilator  
  20  1:25  Pylon  
  20  1:27  Cybernetics Core  
  19  1:46  Probe (Chrono Boost)  
  20  1:50  Assimilator  
  20  1:54  Gateway  
  20  1:57  Probe (Chrono Boost)  
  21  2:08  Nexus  
  21  2:09  Warp Gate (Chrono Boost)  
  21  2:17  Adept  
  21  2:21  Probe  
  24  2:33  Probe  
  24  2:36  Pylon  
  25  2:45  Gateway  
  25  2:50  Probe  
  26  3:02  Pylon, Probe  
  27  3:12  Adept  
  29  3:14  Mothership Core  
  31  3:38  Probe x2  
  33  3:45  Gateway  
  33  3:47  Gateway  
  33  3:48  Probe  
  34  4:12  Adept x2  
  36  4:22  Twilight Council  
  36  4:23  Pylon, Probe x2  
  38  4:34  Adept x2, Forge  
  42  4:39  Probe  
  42  4:43  Probe  
  42  4:44  Pylon  
  44  4:50  Adept  
  44  4:51  Adept  
  48  4:56  Adept  
  50  5:04  Adept  
  50  5:49  Protoss Ground Weapons Level 1  
  48  5:55  Adept x4  
  52  6:01  Probe  
  52  6:02  Probe  
  48  6:04  Resonating Glaives (Chrono Boost)  
  48  6:11  Nexus  
  48  6:13  Pylon  
  48  6:14  Probe x2, Robotics Facility  
  50  6:18  Adept  
  50  6:19  Adept x3  
  56  6:36  Gateway  
  56  6:37  Probe, Gateway  
  57  6:42  Probe  
  57  6:45  Assimilator  
  58  6:48  Photon Cannon  
  58  6:50  Probe  
  58  6:52  Adept  
  61  7:28  Adept  
  61  7:29  Adept x3, Probe  
  69  7:30  Probe x2  
  72  7:42  Probe  
  73  7:55  Gateway  
  73  7:58  Gateway  
  73  7:59  Pylon  
  73  8:01  Warp Prism  
  75  8:07  Adept x4  
  75  8:08  Adept, Dark Shrine  
  75  8:12  Forge  
  75  8:36  Warp Prism  
  73  8:43  Adept x3  
  73  8:44  Adept x3  
  81  8:48  Probe x2  
  81  8:52  Probe, Assimilator  
  84  9:00  Probe  
  84  9:01  Protoss Ground Armor Level 1 (Chrono Boost)  
  85  9:11  Adept x5  
  85  9:12  Adept  
  85  9:13  Observer  
  90  9:44  Immortal  
  94  9:49  Dark Templar x4  
  90  10:38  Dark Templar x2  
  90  10:42  Zealot x3  
  98  10:43  Zealot x3  
Tags
 
Add a new tag
Caveats
  • Supply blocks, unpowered buildings, or Contaminate may cause inaccurate times.
  • Supply counts are checked every 10 seconds.